 Dungeon Crawl Stone Soup version 0.30.1 (webtiles) character file.

Game seed: 13773787811030449644

423 AIAndy the Magician (level 7, -6/73 HPs)
             Began as a Djinni Fire Elementalist on July 2, 2023.
             Was an Initiate of Hepliaklqana.
             Killed by divine providence
             ... invoked by an orc priest
              (10 damage)
             ... on level 5 of the Dungeon.
             The game lasted 00:17:21 (3506 turns).

AIAndy the Magician (Djinni Fire Elementalist)      Turns: 3506, Time: 00:17:21

Health: -6/73      AC: 23    Str:  7    XL:     7   Next: 17%
Gold:   202        EV:  2    Int: 19    God:    Hepliaklqana [......] SH:  0 Dex: 19

rFire   . . .        w - +1 dagger (elec)
rCold   . . .        (no shield)
rNeg    . . .        x - melded +2 robe of Ocus {Contam rF+ rCorr}
rPois   ∞            s - melded +1 helmet
rElec   .            b - melded +0 cloak
rCorr   .            (gloves currently unavailable)
SInv    .            (boots unavailable)
Will    .....        (no amulet)
Stlth   ++           k - +6 ring of dexterity
HPRegen 0.32/turn    (no ring)
MPRegen 0.00/turn

%: infuse magic (-7 HP)
@: tree-form, attractive, very slightly contaminated
A: stationary, stasis, torment immunity, boosted hp, sickness immunity, (fire
resistance 2), (cold vulnerability 1), float, innate caster, HP casting, extra
vitality 1
a: Renounce Religion


You were on level 5 of the Dungeon.
You worshipped Hepliaklqana.
Hepliaklqana was noncommittal.
You were a tree.
You visited 2 branches of the dungeon, and saw 6 of its levels.

You collected 202 gold pieces.

Inventory:

Hand Weapons
 w - a +1 dagger of electrocution (weapon)
 z - a +3 dagger of draining
Armour
 a - a +0 robe
 b - a +0 cloak (melded)
 s - a +1 helmet (melded)
 x - the +2 robe of Ocus (melded) {Contam rF+ rCorr}
   (You found it on level 4 of the Dungeon)

   rF:        It protects you from fire.
   Contam:    It causes magical contamination when unequipped.
   rCorr:     It protects you from acid and corrosion.
 B - a +2 pair of gloves
Jewellery
 k - a +6 ring of dexterity (left branch)
Wands
 t - a wand of quicksilver (10)
Scrolls
 e - 3 scrolls of teleportation {unknown}
 f - a scroll of torment {unknown}
 g - 2 scrolls of blinking {unknown}
 j - a scroll of brand weapon {unknown}
 l - a scroll of enchant armour {unknown}
 m - a scroll of identify {unknown}
 n - 2 scrolls of poison {unknown}
 u - a scroll of fear {unknown}
 v - a scroll of immolation {unknown}
 y - a scroll of vulnerability {unknown}
 A - a scroll of enchant weapon {unknown}
Potions
 h - 2 potions of lignification
 i - a potion of brilliance {unknown}
 o - a potion of cancellation {unknown}
 p - a potion of heal wounds {unknown}
 q - 3 potions of attraction
 r - a potion of might {unknown}


   Skills:
 - Level 2.6 Fighting
 - Level 2.5 Dodging
 - Level 2.0 Stealth
 + Level 5.2 Spellcasting


You knew the following spells:

 Your Spells              Type           Power      Damage    Failure   Level
a - Foxfire               Conj/Fire      96%        2x1d8     1%          1
b - Scorch                Fire           48%        2d7       2%          2
c - Volatile Blastmotes   Fire/Tloc      48%        2d14      4%          3
d - Inner Flame           Hex/Fire       24%        N/A       4%          3
e - Flame Wave            Conj/Fire      24%        2d8       14%         4
f - Magic Dart            Conj           96%        1d7       1%          1
g - Momentum Strike       Conj/Tloc      48%        3d9       2%          2
h - Ensorcelled Hibernat  Hex/Ice        48%        N/A       2%          2
Your spell library was empty.

Dungeon Overview and Level Annotations

Branches:
Dungeon (5/15)             Temple (1/1) D:4

Altars:
Cheibriados
Dithmenos
Elyvilon
Fedhas
Hepliaklqana
Okawaru
Ru
Trog
Uskayaw
Xom
Yredelemnul
Zin
The Shining One

Shops:
D:3 =


Innate Abilities, Weirdness & Mutations

You are a tree.
Your roots penetrate the ground, keeping you stationary.
You cannot be teleported.
You are immune to unholy pain and torment.
Your maximum health is greatly increased.
Your equipment is partially melded.
You are immune to sickness and miasma.
You are immune to poison.
((Your flesh is very heat resistant. (rF++)))
((You are vulnerable to cold. (rC-)))
You float through the air rather than walking.
You learn spells naturally, not from books.
Your magical power is your life essence.
You have superior vitality. (+4 MHP)


Message History

The centaur hits you but does no damage.
The centaur kicks you but does no damage.
The orc hits you but does no damage. The phantom is attracted toward you.
The orc priest is attracted toward you.
Okay, then.
Okay, then.
It was a potion of flight.
Your roots keep you in place.
The centaur hits you but does no damage.
The centaur kicks you but does no damage.
The centaur hits you.
* * * LOW HITPOINT WARNING * * *
The centaur kicks you but does no damage.
The orc hits you but does no damage.
The phantom hits you but does no damage.
Unknown command.
Unknown command.
It was a potion of magic.
Magic washes over you without effect.
The centaur hits you but does no damage.
The centaur barely misses you.
The orc priest hits you but does no damage.
The orc hits you but does no damage.
The phantom hits you but does no damage.
Unknown command.
Casting: Foxfire (safe; 1% risk of failure)
Confirm with . or Enter, or press ? or * to list all spells.
Casting: Flame Wave (dangerous; 14% risk of failure)
Press: ? - help, Dir - look around, f - activate You miscast Flame Wave.
You are very lightly contaminated with residual magic.
Nothing appears to happen.
* * * LOW HITPOINT WARNING * * *
The centaur hits you but does no damage.
The centaur kicks you but does no damage.
The centaur hits you but does no damage.
The centaur kicks you but does no damage.
The orc hits you but does no damage.
The phantom hits you but does no damage.
The orc priest invokes the aid of Beogh against you.
Beogh smites you!
You die...

.. .# # .##. # #. ...
.. #.##### #####.# ...
#.....#####.....##....
#..........oc.......
#..>.......♣o.......
#...........W.......
#................#..
#....<..........##
#............<..#
#........).......$.
###.######......##.
#.. #.......# . ....
#(........


You could see a phantom, a centaur, an orc priest and an orc.

Vanquished Creatures
  A black bear (D:4)
  A scorpion (D:4)
  An orc priest (D:4)
  A hound (D:4)
  A jelly (D:4)
  A sleepcap (D:3)
  An orc wizard (D:4)
  5 adders
  A worm (D:4)
  2 dart slugs (D:2)
  11 orcs
  6 ball pythons
  5 endoplasms
  4 giant cockroaches
  7 goblins
  5 hobgoblins
  4 jackals
  9 kobolds
  4 quokkas
  2 bats
  5 frilled lizards
  4 rats
81 creatures vanquished.

Vanquished Creatures (others)
  231 foxfires
231 creatures vanquished.

Grand Total: 312 creatures vanquished

Notes
Turn   | Place    | Note
-------+----------+-------------------------------------------
     0 | D:1      | AIAndy the Djinni Fire Elementalist began the quest for the
                  | Orb.
     0 | D:1      | AIAndy set off with the following spells memorised:
                  | Foxfire, Scorch, Volatile Blastmotes, Inner Flame, Flame
                  | Wave.
     0 | D:1      | Reached XP level 1. HP: 15/15 MP: 0/0
   241 | D:1      | Reached XP level 2. HP: 15/21 MP: 0/0
   736 | D:1      | Reached XP level 3. HP: 21/26 MP: 0/0
   736 | D:1      | Learned a level 1 spell: Magic Dart
   796 | D:2      | Reached skill level 1 in Fighting
  1268 | D:2      | Reached skill level 3 in Spellcasting
  1268 | D:2      | Reached XP level 4. HP: 31/33 MP: 0/0
  1586 | D:3      | Found Dotuno's Jewellery Shoppe.
  1742 | D:3      | Reached XP level 5. HP: 21/39 MP: 0/0
  1742 | D:3      | Learned a level 2 spell: Momentum Strike
  1941 | D:3      | Found a bloodstained altar of Trog.
  2432 | D:4      | Identified the +2 robe of Ocus {Contam rF+ rCorr}
  2471 | D:4      | Reached skill level 4 in Spellcasting
  2471 | D:4      | Reached XP level 6. HP: 40/45 MP: 0/0
  2590 | D:4      | Found a blossoming altar of Fedhas.
  2596 | D:4      | Found a white marble altar of Elyvilon.
  2599 | D:4      | Found an iron altar of Okawaru.
  2900 | D:4      | Found a staircase to the Ecumenical Temple.
  2909 | Temple   | Entered the Ecumenical Temple
  2977 | Temple   | Became a worshipper of Hepliaklqana the Forgotten
  3233 | D:4      | Noticed a black bear
  3243 | D:4      | Killed a black bear
  3244 | D:4      | Reached skill level 5 in Spellcasting
  3244 | D:4      | Reached XP level 7. HP: 43/49 MP: 0/0
  3244 | D:4      | Learned a level 2 spell: Ensorcelled Hibernation
  3479 | D:5      | Entered Level 5 of the Dungeon
  3506 | D:5      | Killed from afar by an orc priest

Illustrated notes

Levels and vault maps discovered:
D:1:      matt_arrival_spirals, layout_basic
D:2:      layout_loops_cross, chequers_serial_rivers_marsh,
          grunt_decor_one_mirror, minmay_misc_feat_doors
D:3:      layout_basic, lightli_temple_of_fire, serial_shops,
          nicolae_shop_gaudy_bauble, lexackson_kobold_supper
D:4:      layout_loops_ring, minmay_overflow_temple_star_quad,
          minmay_temple_entry_fiery, st_stairs_10
D:5:      layout_rooms, mainiacjoe_overflow_surrounded_room, enter_ossuary_4,
          minmay_joined_circles
Temple:   cyrus_temple_forest

Skill      XL: |  1  2  3  4  5  6 |
---------------+-------------------+-----
Stealth        | 2 |  2.0
Fighting       | 1 2 |  2.6
Spellcasting   | 3 4 5 |  5.2
Dodging        | |  2.5

Action                     |  1- 3 |  4- 6 |  7- 9 || total
---------------------------+-------+-------+-------++-------
  Melee: Dagger            |       |    83 |     2 ||    85
         Punch             |       |     5 |       ||     5
   Cast: Foxfire           |    64 |    99 |     4 ||   167
         Scorch            |       |     8 |     4 ||    12
         Magic Dart        |       |     5 |       ||     5
         Momentum Strike   |       |     1 |       ||     1
         Inner Flame       |       |     1 |       ||     1
    Use: Potion            |       |       |     4 ||     4
   Stab: Sleeping          |       |     1 |       ||     1
 Armour: Robe              |     1 |     4 |     1 ||     6
         Skin              |       |       |    20 ||    20
  Dodge: Dodged            |     9 |    16 |     7 ||    32
